 Dungeon Crawl Stone Soup version 0.30-a0-857-gcaf70739d4 (webtiles) character file.

Game seed: 4114631188967091195

42 Mickster the Trooper (level 3, -5/24 HPs)
             Began as a Gargoyle Berserker on Mar 6, 2023.
             Was a Believer of Trog.
             Slain by a gnoll
             ... wielding a +0 halberd
              (7 damage)
             ... on level 2 of the Dungeon.
             The game lasted 00:06:57 (569 turns).

Mickster the Trooper (Gargoyle Berserker)            Turns: 569, Time: 00:06:58

Health: -5/24      AC: 12    Str: 20    XL:     3   Next: 56%
Magic:  3/3        EV:  8    Int:  7    God:    Trog [**....]
Gold:   18         SH:  0    Dex: 11    Spells: 2/2 levels left

rFire   . . .      SeeInvis .    a - +0 mace
rCold   . . .      Faith    .    (no shield)
rNeg    + . .      Spirit   .    e - +0 chain mail
rPois   ∞          Reflect  .    (no helmet)
rElec   +          Rampage  .    (no cloak)
rCorr   .                        (no gloves)
Will    .....                    (no boots) Stlth
                                 (no amulet)
HPRegen 0.24/turn                (no ring)
MPRegen 0.08/turn                (no ring)

@: no status effects
A: sickness immunity, AC +3, negative energy resistance 1, electricity
resistance, torment resistance 1, petrification resistance
a: Renounce Religion, Berserk, Trog's Hand


You were on level 2 of the Dungeon.
You worshipped Trog.
Trog was pleased with you.
You visited 1 branch of the dungeon, and saw 2 of its levels.

You collected 18 gold pieces.

Inventory:

Hand Weapons
 a - a +0 mace (weapon)
Missiles
 d - 4 stones (quivered)
Armour
 b - a +0 animal skin
 c - a +0 ring mail
 e - a +0 chain mail (worn)


   Skills:
 + Level 3.8 Fighting
 + Level 3.6 Maces & Flails
 + Level 2.4 Armour
 + Level 2.0 Dodging


You had 2 spell levels left.
You didn't know any spells.
Your spell library contained the following spells:

 Spells                   Type           Power      Damage    Failure   Level
 Frozen Ramparts          Ice            0%         1d1       100%        3
 Ice Form                 Ice/Tmut       0%         N/A       100%        4
 Summon Ice Beast         Ice/Summ       0%         N/A       100%        4


Dungeon Overview and Level Annotations

Branches:
Dungeon (2/15)

Altars:


Innate Abilities, Weirdness & Mutations

You are immune to sickness and miasma.
Your stone body is resilient. (AC +3)
You are immune to poison.
You resist negative energy. (rN+)
You are resistant to electric shocks. (rElec)
You are resistant to unholy torment.
You are immune to petrification.


Message History

You continue putting on your +0 chain mail. x5
You finish putting on your +0 chain mail.
There is a stone staircase leading down here.
There is a stone staircase leading down here.
A gnoll comes into view. It is wielding a +0 whip.
Found a hand axe.
The gnoll shouts!
You hear an angry hiss.
You hear a shout! x2
A gnoll and a ball python come into view.
Found 2 bubbling grey potions.
The gnoll shouts!
The ball python hisses angrily.
A gnoll comes into view. It is wielding a +0 halberd.
Found 9 stones.
A gnoll comes into view. It is wielding a +0 whip.
The gnoll hits you with a +0 whip! The gnoll closely misses you.
The ball python attacks as you move away!
The ball python bites you but does no damage.
The gnoll closely misses you. The gnoll attacks as you move away!
The gnoll closely misses you.
The ball python attacks as you move away!
The ball python bites you but does no damage.
The ball python closely misses you.
You hit the ball python.
You kill the ball python!
Trog accepts your kill.
The gnoll throws a throwing net.
The throwing net barely misses you.
Your Dodging skill increases to level 2!
The gnoll closely misses you.
You hit the gnoll.
The gnoll is moderately wounded.
The gnoll hits you but does no damage.
The gnoll hits you with a +0 halberd! x2
* * * LOW HITPOINT WARNING * * *
The gnoll hits you but does no damage.
You thump the gnoll!
You kill the gnoll!
Trog accepts your kill.
A hobgoblin comes into view.
You thump the gnoll!
The gnoll is heavily wounded.
The gnoll hits you with a +0 halberd!
You die...

...##.###.##.#....
#####.# #.........
############.#
#.........
..........##.#
#.........
#(........##.#
#...†..... ......... #.#
#......... .).... #.#
##........
#.g####.###.........
#gg@......#.........
#.....###......>........
.....## #...(.#.........
..!. ###.###.........
#g. #......######## #.
######## #


You could see 3 gnolls and a hobgoblin.

Vanquished Creatures
  A gnoll (D:2)
  A worm (D:2)
  4 bats
  An endoplasm (D:2)
  2 giant cockroaches
  5 goblins (D:1)
  3 hobgoblins (D:1)
  2 jackals (D:1)
  A quokka (D:1)
  3 ball pythons
  A kobold (D:2)
  A rat (D:2)
25 creatures vanquished.

Notes
Turn   | Place    | Note
-------+----------+-------------------------------------------
     0 | D:1      | Mickster the Gargoyle Berserker began the quest for the
                  | Orb.
     0 | D:1      | Reached XP level 1. HP: 14/14 MP: 1/1
   194 | D:1      | Reached XP level 2. HP: 17/19 MP: 2/2
   293 | D:1      | Found a faded altar of an unknown god.
   433 | D:2      | Reached XP level 3. HP: 24/24 MP: 3/3
   474 | D:2      | Reached ** piety under Trog
   567 | D:2      | HP: 1/24 [gnoll/+0 halberd (9)]
   569 | D:2      | Slain by a gnoll

Illustrated notes

Levels and vault maps discovered:
D:1:      amcnicky_arrival_blooded_trapdoor, layout_basic,
          hellmonk_ecumenical_altar_prayer_group, minmay_misc_feat_pillars
D:2:      layout_basic

Skill      XL: |  1  2  3 |
---------------+----------+-----
Dodging        | 2 |  2.0
Fighting       | |  3.8
Maces & Flails | |  3.6
Armour         | |  2.4

Action                     || total
---------------------------++-------
  Melee: Mace              ||    88
    Use: Scroll            ||     2
         Potion            ||     1
 Armour: Animal skin       ||    12
         Ring mail         ||    64
         Chain mail        ||     4
  Dodge: Dodged            ||    94

Table legend: (Time is in decaauts)
 A = Elapsed time spent in this place.
 B = Non-inter-level travel time spent in this place.
 C = Inter-level travel time spent in this place.
 D = Time resting spent in this place.
 E = Time spent auto-exploring this place.
 F = Levels seen in this place.
 G = Mean time per level.
                   A        B        C        D        E       F      G
               +--------+--------+--------+--------+--------+-----+--------+
         Total |    589 |    584 |      5 |      4 |      0 |   2 |  294.5 |
       Dungeon |    589 |    584 |      5 |      4 |      0 |   2 |  294.5 |
               +--------+--------+--------+--------+--------+-----+--------+

Top non-repeatable levels by time:
     D:1: 430 daAuts
     D:2: 159 daAuts
